[Event "U12 Blitz"]
[Site "austriaU12b"]
[Date "2020.12.11"]
[Round "1"]
[White "Marty McFly"]
[Black "Ppe1968"]
[Result "0-1"]
[WhiteElo "1697"]
[BlackElo "1881"]
[Annotator "NA RC"]
[PlyCount "44"]
[EventDate "2020.12.11"]
[EventType "blitz"]
[TimeControl "180+2"]

1. e4 e5 2. Nf3 Nc6 3. Bc4 Bc5 4. Nc3 Nf6 5. d3 d6 6. Bg5 h6 7. Bh4 a6 8. Nd5 g5 9. Bg3 Bg4 10. h3 Bh5 11. Nxf6+ Qxf6 12. Bd5 Nd4 13. Bxb7 Rb8 14. Bxa6 Nxf3+ 15. gxf3 Bxf3 16. Qd2 Bxh1 17. O-O-O Bf3 18. Rf1 d5 19. exd5 Qxa6 20. Bxe5 Qxa2 21. c3 Qa1+ 22. Kc2 Qxb2# {[%emt 0:00:03] Mate} 0-1

[Event "U12 Blitz"]
[Site "austriaU12b"]
[Date "2020.12.11"]
[Round "3"]
[White "JoniFei"]
[Black "Viktor09"]
[Result "0-1"]
[WhiteElo "1515"]
[BlackElo "1787"]
[Annotator "NA RC"]
[PlyCount "58"]
[EventDate "2020.12.11"]
[EventType "blitz"]
[TimeControl "180+2"]

1. e4 c5 2. Nf3 Nc6 3. c3 d5 4. exd5 Qxd5 5. d3 Nf6 6. Be3 e6 7. Be2 Be7 8. O-O O-O 9. Qc2 Qd8 10. Nbd2 b5 11. a4 b4 12. Bxc5 Bxc5 13. cxb4 Bxf2+ 14. Rxf2 Nxb4 15. Qc3 Nbd5 16. Qe5 Ba6 17. Ne4 Rb8 18. Bf1 {[%emt 0:00:15] Restarted W (13.16e) Restarted B (13.16e) OK OK} (18. h3 $17 {keeps fighting.}) 18... Ng4 19. Qg3 Nxf2 20. Qxf2 Qb6 21. Qxb6 Rxb6 22. Ra2 Rfb8 23. Ne5 Rxb2 24. Rxb2 Rxb2 25. Nc4 Bxc4 26. dxc4 Ne3 27. c5 Nxf1 28. Kxf1 Rc2 29. h3 Rc4 {[%emt 0:00:02] JoniFei resigns Viktor09 reconnected.} 0-1